 Dungeon Crawl Stone Soup version 0.19.0-9-gfd783f2 (webtiles) character file.

740 dobroeutro the Archer (level 7, 0/56 HPs)
             Began as a Centaur Hunter on Nov 7, 2016.
             Was a Follower of Okawaru.
             Slain by a hungry ghost (3 damage)
             ... on level 5 of the Dungeon.
             The game lasted 00:07:23 (4769 turns).

dobroeutro the Archer (Centaur Hunter)              Turns: 4769, Time: 00:07:24

Health: 0/56       AC:  4    Str: 15    XL:     7   Next: 46%
Magic:  7/7        EV:  9    Int: 10    God:    Okawaru [*.....]
Gold:   218        SH:  0    Dex: 11    Spells: 0 memorised, 6 levels left

rFire  . . .     SeeInvis .     B - +1 whip (elec)
rCold  + . .     Gourm    +     c - +0 leather armour
rNeg   + . .     Faith    .     (no shield)
rPois  .         Spirit   .     (no helmet)
rElec  .         Reflect  .     (no cloak)
rCorr  .         Harm     .     (no gloves)
MR     .....                    (no barding)
Stlth  +.........               s - amulet of the gourmand
                                v - ring of protection from cold
                                i - ring of positive energy

@: starving, very quick
A: hooves 3, deformed body, speed 2, tough skin 3
a: Heroism, Renounce Religion


You were on level 5 of the Dungeon.
You worshipped Okawaru.
Okawaru was aware of your devotion.
You were starving.

You visited 2 branches of the dungeon, and saw 6 of its levels.

You collected 218 gold pieces.

Inventory:

Hand Weapons
 a - a +1 shortbow
 B - a +1 whip of electrocution (weapon)
Missiles
 d - 41 arrows
Armour
 c - a +0 leather armour (worn)
Jewellery
 i - a ring of positive energy (left hand)
 s - an amulet of the gourmand (around neck)
 v - a ring of protection from cold (right hand)
Wands
 z - a wand of lightning (4/15)
Scrolls
 j - 4 scrolls of blinking {unknown}
 k - a scroll of enchant armour {unknown}
 l - 2 scrolls of immolation {unknown}
 m - a scroll of amnesia {unknown}
 n - 2 scrolls of identify {unknown}
 o - 2 scrolls of magic mapping {unknown}
 u - 3 scrolls of fog {unknown}
 y - a scroll of fear {unknown}
 C - a scroll of silence {unknown}
Potions
 e - a potion of curing
 g - 3 potions of heal wounds {unknown}
 h - 2 potions of brilliance {unknown}
 p - a potion of degeneration {unknown}
 t - a potion of magic {unknown}
Comestibles
 b - a royal jelly
 f - 2 chunks of flesh
 q - 3 beef jerkies
 r - a slice of pizza
 w - 3 fruits
 x - 2 bread rations
 A - a meat ration


   Skills:
 + Level 2.5 Fighting
 + Level 11.2 Bows
 + Level 0.9 Armour
 + Level 1.8 Dodging
 - Level 0.4 Stealth


You had 6 spell levels left.
You didn't know any spells.

Dungeon Overview and Level Annotations

Branches:
Dungeon (5/15)             Temple (1/1) D:4

Altars:
Ashenzari
Cheibriados
Dithmenos
Elyvilon
Hepliaklqana
Makhleb
Okawaru
Vehumet
Xom
Zin


Innate Abilities, Weirdness & Mutations

You have hooves in place of feet.
Armour fits poorly on your strangely shaped body.
You cover ground very quickly.
You have extremely tough skin. (AC +3)


Message History

The hungry ghost hits you.
* * * LOW HITPOINT WARNING * * *
You are near starving!
Unknown command.
You miss the hungry ghost.
The hungry ghost is severely damaged.
The hungry ghost hits you.
* * * LOW HITPOINT WARNING * * *
You are starving!
Unknown command.
You barely miss the hungry ghost. Your kick misses the hungry ghost.
The hungry ghost is severely damaged.
The hungry ghost hits you.
* * * LOW HITPOINT WARNING * * *
You feel somewhat more hungry.
Unknown command.
Eat one of 2 chunks of flesh? (ye/n/q)
You start eating one of the 2 chunks of flesh.
The hungry ghost hits you.
You die...

##.##.##.............
##.##.......#)#.#...###.
##.###.....##.#...#.#...
. #>................. #
####.....##.###...#...
###........##.##.†...##.
#............##........
##.......#######W#.#####
.........# #@# #
####...#########.#
####.#####.......#
...........#######
####.####### ####.#
.....# ######


You could see a hungry ghost.

Vanquished Creatures
  3 ogres (D:4)
  A phantom (D:5)
  A scorpion (D:5)
  A hound (D:5)
  2 jellies (D:2)
  Ijyb (D:2)
  Jessica (D:2)
  An orc wizard (D:2)
  A worker ant (D:4)
  6 adders
  2 oozes (D:1)
  3 adder skeletons (D:4)
  A worm (D:4)
  2 dart slugs
  2 leopard geckos
  13 orcs
  5 giant cockroaches
  3 goblins
  4 hobgoblins
  An iguana (D:2)
  4 jackals
  3 quokkas
  A ball python (D:4)
  8 bats
  4 frilled lizards
  8 kobolds
  A leopard gecko skeleton (D:4)
  6 rats
89 creatures vanquished.

Notes
Turn   | Place    | Note
-------+----------+-------------------------------------------
     0 | D:1      | dobroeutro the Centaur Hunter began the quest for the Orb.
     0 | D:1      | Reached XP level 1. HP: 17/17 MP: 1/1
   286 | D:1      | Reached XP level 2. HP: 22/24 MP: 2/2
   305 | D:1      | Reached skill level 6 in Bows
   418 | D:1      | Found a shattered altar of Ashenzari.
   745 | D:2      | Noticed Jessica
   763 | D:2      | Killed Jessica
   763 | D:2      | Reached skill level 7 in Bows
   763 | D:2      | Reached XP level 3. HP: 15/29 MP: 3/3
  1197 | D:2      | Found a shimmering altar of Xom.
  1207 | D:2      | Reached XP level 4. HP: 25/36 MP: 4/4
  1292 | D:2      | Reached skill level 8 in Bows
  1325 | D:2      | Noticed Ijyb
  1341 | D:2      | Killed Ijyb
  1341 | D:2      | Reached XP level 5. HP: 22/41 MP: 5/5
  2485 | D:3      | Reached skill level 9 in Bows
  3223 | D:4      | Found a staircase to the Ecumenical Temple.
  3247 | Temple   | Entered the Ecumenical Temple
  3263 | Temple   | Became a worshipper of Warmaster Okawaru
  3625 | D:4      | Noticed an ogre
  3653 | D:4      | Killed an ogre
  3653 | D:4      | Reached skill level 10 in Bows
  3653 | D:4      | Reached XP level 6. HP: 48/48 MP: 6/6
  4008 | D:4      | Found a shadowy altar of Dithmenos.
  4087 | D:4      | Found a burning altar of Makhleb.
  4183 | D:5      | Entered Level 5 of the Dungeon
  4199 | D:4      | Reached * piety under Okawaru
  4199 | D:4      | Reached skill level 11 in Bows
  4199 | D:4      | Reached XP level 7. HP: 47/55 MP: 7/7
  4748 | D:5      | Noticed a hungry ghost
  4769 | D:5      | Slain by a hungry ghost

Skill      XL: |  1  2  3  4  5  6 |
---------------+-------------------+-----
Bows           | 7 8 10 11 | 11.2
Fighting       | |  2.5
Armour         | |  0.9
Dodging        | |  1.8
Stealth        | |  0.4

Action                   |  1- 3 |  4- 6 |  7- 9 || total
-------------------------+-------+-------+-------++-------
Melee: Short sword       |    91 |    96 |       ||   187
       Kick              |    18 |    60 |     3 ||    81
       Dagger            |       |   151 |       ||   151
       Whip              |       |     7 |    28 ||    35
 Fire: Shortbow          |     4 |    63 |    44 ||   111
  Use: Potion            |       |     1 |     3 ||     4
  Eat: Chunk             |       |    20 |     4 ||    24
       Bread ration      |       |     1 |       ||     1
Armor: Leather armour    |    36 |    71 |    11 ||   118
Dodge: Dodged            |    41 |    85 |    19 ||   145
